 Dungeon Crawl Stone Soup version 0.29.0-4-gdea44cf6ec (webtiles) character file.

Game seed: 12404488170316777920

679 qw the Ruffian (level 7, -6/66 HPs)
             Began as a Troll Cinder Acolyte on Aug 31, 2022.
             Was a High Priest of Ignis.
             Killed by nerve-wracking pain
             ... invoked by an orc priest
              (12 damage)
             ... on level 5 of the Dungeon.
             The game lasted 00:01:59 (3302 turns).

qw the Ruffian (Troll Cinder Acolyte)               Turns: 3302, Time: 00:02:00

Health: -6/66      AC: 13    Str: 24    XL:     7   Next: 34%
Magic:  7/7        EV:  8    Int: 14    God:    Ignis [*****.]
Gold:   156        SH: 15    Dex: 10    Spells: 8/8 levels left

rFire   + . .      SeeInvis +     - Unarmed
rCold   . . .      Faith    .   i - +2 kite shield
rNeg    . . .      Spirit   .   a - +0 robe
rPois   .          Reflect  +   (helmet restricted)
rElec   .          Harm     .   (no cloak)
rCorr   .          Rampage  .   (gloves unavailable)
Will    .....      Clarity  +   (boots unavailable)
Stlth   +.........              j - amulet of reflection
HPRegen 1.01/turn               f - +6 ring of dexterity
MPRegen 0.10/turn               m - ring of see invisible

@: about to teleport, fiery-armoured
A: large, unfitting armour, claws 3, regeneration 1, shaggy fur 1, tough skin 1,
iridescent scales 1, clarity, clever 1
a: Renounce Religion, Fiery Armour, Foxfire Swarm, Rising Flame


You were on level 5 of the Dungeon.
You worshipped Ignis.
Ignis was extremely pleased with you.
You visited 1 branch of the dungeon, and saw 5 of its levels.

You collected 156 gold pieces.


Innate Abilities, Weirdness & Mutations

You are too large for most types of armour.
You have claws for hands.
Your natural rate of healing is unusually fast.
You are covered in fur. (AC +1)
You have tough skin. (AC +1)
You are partially covered in iridescent scales. (AC +2)
You possess an exceptional clarity of mind.
Your mind is acute. (Int +4, Str/Dex -1)


   Skills:
 - Level 2.4 Fighting
 - Level 1.4 Dodging
 + Level 4.6 Shields
 - Level 6.4 Unarmed Combat
 - Level 1.0 Spellcasting
 - Level 2.1 Fire Magic


You had 8 spell levels left.
You didn't know any spells.
Your spell library contained the following spells:

 Spells                   Type           Power      Damage    Failure   Level
 Scorch                   Fire           12%        2d5       36%         2

Inventory:

Armour
 a - a +0 robe (worn)
 i - a +2 kite shield (worn)
Jewellery
 f - a +6 ring of dexterity (left claw)
 j - an amulet of reflection (around neck)
 k - a +6 ring of dexterity
 m - a ring of see invisible (right claw)
Scrolls
 n - a scroll of teleportation
Potions
 b - a potion of ambrosia {unknown}
 c - a potion of haste
 d - a potion of berserk rage {unknown}
 e - a potion of degeneration {unknown}
 g - 3 potions of curing
 h - a potion of mutation
 l - 2 potions of might

Dungeon Overview and Level Annotations

Branches:
Dungeon (5/15)
 Temple: D:4-7

Altars:
Ashenzari

Shops:
D:3 [

Annotations:
D:3 1 runed translucent door, Crazy Yiuf


Message History

The orc priest hits you but does no damage.
The orc priest calls down the wrath of Beogh upon you.
Beogh smites you!
You claw the orc priest!
You kill the orc priest!
The orc priest hits you with a +0 falchion.
You barely miss the orc priest. You block the orc's attack.
The orc priest mumbles some strange prayers to Beogh against you.
Pain shoots through your body!
The orc priest hits you with a +0 falchion.
The orc priest is burned by your cloak of flames.
The orc priest is lightly wounded.
3299 ||| READING 2 scrolls of teleportation.
As you read the scroll of teleportation, it crumbles to dust.
You feel strangely unstable. The orc hits you but does no damage.
The orc is burned by your cloak of flames.
The orc is severely wounded.
The orc priest invokes the aid of Beogh against you.
Pain shoots through your body! You block the orc priest's attack.
You closely miss the orc.
The orc is severely wounded.
You block the orc's attack. You block the orc priest's attack.
The orc priest closely misses you.
You closely miss the orc.
The orc is severely wounded.
You block the orc's attack.
The orc priest hits you with a +0 short sword.
The orc priest is burned by your cloak of flames.
The orc priest is moderately wounded.
The orc priest hits you but does no damage.
The orc priest is burned by your cloak of flames.
The orc priest is moderately wounded.
You claw the orc!
You kill the orc!
You block the orc priest's attack.
The orc priest invokes the aid of Beogh against you.
Pain shoots through your body!
You die...

..# .... ... ###
#...#... .... ..
###...#........ ..
........#..... . ..
#..........# .....##.
###...##)...#
........##......@o$..#.
.........#.......o......
...............)......##
.#....###...%$........#
.#..#.###...............
....#..#.........[.##...
......(...........## ...
..............#.### ..
..............#...


You could see 2 orc priests.

Vanquished Creatures
  Grinder (D:4)
  A kobold brigand (D:3)
  2 hounds
  3 orc priests
  Jessica (D:2)
  An iguana (D:3)
  2 orc wizards
  9 adders
  A worm (D:3)
  A dart slug (D:1)
  9 orcs
  8 ball pythons
  4 endoplasms
  8 giant cockroaches
  5 goblins
  7 hobgoblins
  7 jackals (D:4)
  9 kobolds
  5 bats
  2 frilled lizards (D:1)
  4 rats
90 creatures vanquished.

Notes
Turn   | Place    | Note
-------+----------+-------------------------------------------
     0 | D:1      | qw the Troll Cinder Acolyte began the quest for the Orb.
     0 | D:1      | Reached XP level 1. HP: 22/22 MP: 1/1
     0 | D:1      | 0 ||| qw: Version: 0.1-a-97-g2dd2ca4
     0 | D:1      | 0 ||| qw: Game counter: 4641
     0 | D:1      | 0 ||| qw: Always use a shield: true
     0 | D:1      | 0 ||| qw: God list: Okawaru
     0 | D:1      | 0 ||| qw: Allow faded altars: false
     0 | D:1      | 0 ||| qw: Do Orc after D:15 true
     0 | D:1      | 0 ||| qw: Do second Lair branch before Depths: true
     0 | D:1      | 0 ||| qw: Lair rune preference: random
     0 | D:1      | 0 ||| qw: Plans: Normal
     0 | D:1      | 0 ||| PLANNING D:1-11
   155 | D:1      | Reached XP level 2. HP: 26/29 MP: 2/2
   191 | D:1      | 191 ||| Stepping ~*~*~tactically~*~*~ (hiding).
   284 | D:1      | 284 ||| Stepping ~*~*~tactically~*~*~ (stealth).
   290 | D:1      | Reached skill level 4 in Unarmed Combat
   393 | D:1      | Reached XP level 3. HP: 36/36 MP: 3/3
   644 | D:1      | 644 ||| UPGRADING to +6 ring of dexterity.
   645 | D:1      | 645 ||| READING scroll labelled VOSAOM ERUTHEUGH.
   646 | D:1      | 646 ||| READING scroll labelled YPHUSU MUIGRO.
   651 | D:1      | 651 ||| READING scroll labelled TAELIU EWAN.
   652 | D:1      | 652 ||| DRINKING 2 grey potions.
   653 | D:1      | 653 ||| DRINKING 2 fizzy blue potions.
   654 | D:1      | 654 ||| DRINKING 2 blue potions.
   655 | D:1      | 655 ||| DROPPING potion of flight.
   782 | D:2      | 782 ||| Stepping ~*~*~tactically~*~*~ (stealth).
   785 | D:2      | 785 ||| Stepping ~*~*~tactically~*~*~ (hiding).
   798 | D:2      | Reached XP level 4. HP: 44/44 MP: 4/4
   803 | D:2      | Reached skill level 5 in Unarmed Combat
   823 | D:2      | 823 ||| Stepping ~*~*~tactically~*~*~ (stealth).
   867 | D:2      | Noticed Jessica
   873 | D:2      | Killed Jessica
   874 | D:2      | Reached skill level 1 in Dodging
   985 | D:2      | 985 ||| Stepping ~*~*~tactically~*~*~ (stealth).
   987 | D:2      | 987 ||| Stepping ~*~*~tactically~*~*~ (stealth).
   995 | D:2      | Found a faded altar of an unknown god.
  1188 | D:2      | 1188 ||| Stepping ~*~*~tactically~*~*~ (stealth).
  1191 | D:2      | Reached XP level 5. HP: 50/50 MP: 5/5
  1388 | D:2      | 1388 ||| READING scroll labelled XOUVEH MYICAKO.
  1389 | D:2      | 1389 ||| READING scroll labelled LOTURA KOXKATH.
  1390 | D:2      | 1390 ||| READING scroll labelled ADULECRUNN.
  1491 | D:2      | 1491 ||| READING scroll labelled XUC EROTANEKE.
  1492 | D:2      | 1492 ||| DRINKING 2 yellow potions.
  1493 | D:2      | 1493 ||| DRINKING 2 cyan potions.
  1494 | D:2      | 1494 ||| DROPPING potion of brilliance.
  1495 | D:2      | 1495 ||| Stepping randomly (stuck).
  1496 | D:2      | 1496 ||| Stepping ~*~*~tactically~*~*~ (cloud).
  1649 | D:3      | Found Geokeym's Antique Armour Emporium.
  1655 | D:3      | 1655 ||| Stepping ~*~*~tactically~*~*~ (stealth).
  1658 | D:3      | 1658 ||| Stepping ~*~*~tactically~*~*~ (stealth).
  1689 | D:3      | Found a broken altar of Ashenzari.
  1690 | D:3      | 1690 ||| Stepping ~*~*~tactically~*~*~ (stealth).
  1691 | D:3      | 1691 ||| Stepping ~*~*~tactically~*~*~ (stealth).
  1694 | D:3      | 1694 ||| Stepping ~*~*~tactically~*~*~ (stealth).
  1697 | D:3      | 1697 ||| Stepping ~*~*~tactically~*~*~ (stealth).
  1698 | D:3      | 1698 ||| Stepping ~*~*~tactically~*~*~ (stealth).
  1701 | D:3      | 1701 ||| Stepping ~*~*~tactically~*~*~ (stealth).
  1720 | D:3      | 1720 ||| Stepping ~*~*~tactically~*~*~ (stealth).
  1787 | D:3      | 1787 ||| Stepping ~*~*~tactically~*~*~ (stealth).
  1789 | D:3      | 1789 ||| Stepping ~*~*~tactically~*~*~ (stealth).
  1791 | D:3      | 1791 ||| Stepping ~*~*~tactically~*~*~ (stealth).
  1798 | D:3      | 1798 ||| Stepping ~*~*~tactically~*~*~ (stealth).
  2036 | D:3      | Reached skill level 6 in Unarmed Combat
  2125 | D:3      | Found a runed translucent door.
  2126 | D:3      | Noticed Crazy Yiuf
  2442 | D:3      | 2442 ||| Stepping ~*~*~tactically~*~*~ (stealth).
  2512 | D:3      | 2512 ||| UPGRADING to +2 kite shield.
  2517 | D:3      | 2517 ||| UPGRADING to amulet of reflection.
  2522 | D:3      | 2522 ||| UPGRADING to ring of see invisible.
  2523 | D:3      | 2523 ||| READING scroll labelled ROIMNE OT DUTZ.
  2524 | D:3      | 2524 ||| DRINKING 2 black potions.
  2524 | D:3      | Gained mutation: Your mind is acute. (Int +4, Str/Dex -1)
                  | [potion of mutation]
  2524 | D:3      | Gained mutation: You are partially covered in iridescent
                  | scales. (AC +2) [potion of mutation]
  2524 | D:3      | Gained mutation: You possess an exceptional clarity of
                  | mind. [potion of mutation]
  2556 | D:4      | Reached skill level 1 in Shields
  2556 | D:4      | Reached XP level 6. HP: 59/59 MP: 6/6
  2606 | D:4      | 2606 ||| Stepping ~*~*~tactically~*~*~ (stealth).
  2607 | D:4      | 2607 ||| Stepping ~*~*~tactically~*~*~ (stealth).
  2609 | D:4      | 2609 ||| Stepping ~*~*~tactically~*~*~ (stealth).
  2656 | D:4      | 2656 ||| Stepping ~*~*~tactically~*~*~ (stealth).
  2658 | D:4      | 2658 ||| Stepping ~*~*~tactically~*~*~ (stealth).
  2660 | D:4      | 2660 ||| Stepping ~*~*~tactically~*~*~ (stealth).
  2664 | D:4      | 2664 ||| INVOKING Fiery Armour.
  2666 | D:4      | 2666 ||| Stepping ~*~*~tactically~*~*~ (outnumbered).
  2761 | D:4      | 2761 ||| Stepping ~*~*~tactically~*~*~ (stealth).
  2923 | D:4      | Noticed Grinder
  2930 | D:4      | Killed Grinder
  2931 | D:4      | Reached XP level 7. HP: 66/66 MP: 7/7
  2966 | D:4      | 2966 ||| Stepping ~*~*~tactically~*~*~ (stealth).
  2989 | D:4      | 2989 ||| Stepping ~*~*~tactically~*~*~ (stealth).
  3097 | D:4      | 3097 ||| Stepping ~*~*~tactically~*~*~ (stealth).
  3207 | D:4      | 3207 ||| READING scroll labelled WUTIUKL ZUYNE.
  3254 | D:5      | Entered Level 5 of the Dungeon
  3291 | D:5      | 3291 ||| INVOKING Fiery Armour.
  3298 | D:5      | HP: 15/66 [orc priest/nerve-wracking pain (8)]
  3299 | D:5      | 3299 ||| READING 2 scrolls of teleportation.
  3301 | D:5      | HP: 5/66 [orc priest/+0 short sword (4)]
  3302 | D:5      | Killed from afar by an orc priest

Levels and vault maps discovered:
D:1:      denvon_arrival_planthouse, layout_basic, minmay_tetromino_o2
D:2:      layout_basic, ebering_ecumenical_altar_box, serial_bayou_pond_e,
          serial_bayou_pond_d, uniq_jessica
D:3:      layout_basic, mainiacjoe_overflow_six_doors_small, serial_shops,
          nicolae_shop_crystal, nicolae_underground_beach,
          uniq_crazy_yiuf_cottage
D:4:      layout_loops_ring, uniq_grinder
D:5:      layout_cave_pools

Skill      XL: |  1  2  3  4  5  6 |
---------------+-------------------+-----
Unarmed Combat | 4 5 6 |  6.4
Dodging        | 1 |  1.4
Shields        | 1 4 |  4.6
Fighting       | |  2.4
Spellcasting   | |  1.0
Fire Magic     | |  2.1

Action                   |  1- 3 |  4- 6 |  7- 9 || total
-------------------------+-------+-------+-------++-------
Melee: Unarmed           |   100 |   117 |    40 ||   257
       Punch             |     1 |     1 |       ||     2
Invok: Fiery Armour      |       |     1 |     1 ||     2
  Use: Scroll            |     3 |     5 |     2 ||    10
       Potion            |     3 |     3 |       ||     6
Armor: Robe              |    34 |    22 |    10 ||    66
Dodge: Dodged            |    35 |    28 |     5 ||    68
Block: Kite shield       |       |    21 |    28 ||    49

Table legend:
 A = Non-vault XP
 B = Vault XP
 C = Vault XP percentage of total XP
 D = Non-vault monster count
 E = Vault monster count
 F = Vault count percentage of total count
                 A         B        C        D         E       F
            +---------+---------+-------+---------+---------+-------
      Total |     663 |     311 |  31.9 |      87 |       3 |   3.3
            +---------+---------+-------+---------+---------+-------
        D:1 |      46 |       2 |   4.2 |      26 |       1 |   3.7
        D:2 |     142 |      37 |  20.7 |      18 |       1 |   5.3
        D:3 |     149 |       0 |   0.0 |      12 |       0 |   0.0
        D:4 |     190 |     272 |  58.9 |      26 |       1 |   3.7
        D:5 |     136 |       0 |   0.0 |       5 |       0 |   0.0
            +---------+---------+-------+---------+---------+-------
